 Dungeon Crawl Stone Soup version 0.32-a0-12-g7fc57aa741 (webtiles) character file.

Game seed: 330639144861417223

5178 mandarbmax the Martial Artist (level 10, -1/76 HPs)
             Began as a Merfolk Shapeshifter on Jan 14, 2024.
             Was an Initiate of Gozag.
             Slain by a seven-headed hydra (7 damage)
             ... on level 9 of the Dungeon.
             The game lasted 00:19:04 (8956 turns).

mandarbmax the Martial Artist (MfSh)                Turns: 8956, Time: 00:19:05

Health: -1/76      AC:  3    Str: 16    XL:     10   Next: 60%
Magic:  10/10      EV: 21    Int:  9    God:    Gozag
Gold:   1553       SH:  0    Dex: 20    Spells: 7/9 levels left

rFire   + .          .
                       - Unarmed
rCold   . . .        (shield currently unavailable)
rNeg    + . .        a - melded +1 animal skin
rPois   +            b - +2 helmet
rElec   .            (no cloak)
rCorr   .            (no gloves)
SInv    .            (no boots)
Will    .....        A - amulet "Lugostur" {Faith rPois Dex+3}
Stlth   +            D - ring of positive energy
HPRegen 0.32/turn    s - ring of protection from fire
MPRegen 0.12/turn

%: faith
@: about to teleport, flux-form, glowing, studying Unarmed Combat
A: glow, contaminating, (nimble swimmer 2), mertail, sturdy frame 1
a: Begin Untransformation, Renounce Religion, Potion Petition, Call Merchant,
Bribe Branch


You were on level 9 of the Dungeon.
You worshipped Gozag.
Gozag was most pleased with you.
You were something dangerously unstable.
You visited 1 branch of the dungeon, and saw 9 of its levels.
You also visited: Ossuary and Bailey.

You collected 1595 gold pieces.
You paid 42 gold pieces to Gozag.

Inventory:

Armour
 a - a +1 animal skin (melded)
 b - a +2 helmet (worn)
 u - a +0 pair of gloves
 E - the +0 robe of the Circus Animal {Int+2}
   (You took it off an orc wizard on level 9 of the Dungeon)

   Int+2:     It affects your intelligence (+2).
Jewellery
 f - an amulet of guardian spirit
 g - a ring of poison resistance
 l - a ring of ice
 s - a ring of protection from fire (right hand)
 A - the amulet "Lugostur" (around neck) {Faith rPois Dex+3}
   (You took it off an orc warrior on level 9 of the Dungeon)

   [amulet of faith]

   Faith:     It allows you to gain divine favour quickly.
   Dex+3:     It affects your dexterity (+3).
   rPois:     It protects you from poison
 D - a ring of positive energy (left hand)
Talismans
 c - a beast talisman
 d - a flux talisman (active)
 F - a blade talisman
Wands
 t - a wand of flame (15) (quivered)
 v - a wand of paralysis (2)
 w - a wand of iceblast (13)
 x - a wand of light (3)
 H - a wand of digging (5)
Scrolls
 e - a scroll of amnesia
 i - 4 scrolls of teleportation
 k - a scroll of fear
 o - a scroll of fog
 r - 2 scrolls of silence
 y - a scroll of summoning
 C - a scroll of blinking
 G - a scroll of revelation {unknown}
 I - 2 scrolls of enchant armour
Potions
 h - 2 potions of attraction
 j - a potion of cancellation
 m - 2 potions of mutation
 n - a potion of ambrosia
 p - 4 potions of invisibility
 q - 3 potions of brilliance
 z - a potion of heal wounds
 B - a potion of magic {unknown}


   Skills:
 + Level 6.0 Fighting
 + Level 7.8 Dodging
 * Level 12.8 Unarmed Combat
 + Level 10.0 Shapeshifting


You had 7 spell levels left.
You knew the following spells:

 Your Spells              Type           Power      Damage    Failure   Level
a - Blink                 Tloc           0%         N/A       52%         2

Your spell library contained the following spells:

 Spells                   Type           Power      Damage    Failure   Level
 Sandblast                Erth           0%         2d4       38%         1
 Ensorcelled Hibernation  Hex/Ice        0%         N/A       52%         2
 Lesser Beckoning         Tloc           0%         N/A       52%         2
 Momentum Strike          Conj/Tloc      0%         3d8       52%         2
 Scorch                   Fire           0%         2d5       52%         2
 Passwall                 Erth           0%         N/A       77%         3
 Stone Arrow              Conj/Erth      0%         3d7       77%         3
 Swiftness                Air            0%         N/A       77%         3
 Brom's Barrelling Bould  Conj/Erth      0%         2d3       99%         4
 Flame Wave               Conj/Fire      0%         2d4       99%         4
 Summon Cactus Giant      Summ           0%         N/A       100%        6


Dungeon Overview and Level Annotations

Branches:
Dungeon (9/15)             Temple (0/1) D:4         Ossuary (visited)
 Bailey (visited)
   Lair: D:8-11         Orc: D:9-12

Altars:
Dithmenos
Gozag
Zin
The Shining One

Shops:
D:6 *   D:8 (


Innate Abilities, Weirdness & Mutations

You are something dangerously unstable.
You glow with magical radiation, making you easy to see and hit.
Foes you strike become dangerously contaminated with magical radiation.
You are incapable of wielding weapons or throwing items.
((You are very nimble when in or above water. (Stealth+, EV+, Speed+++)))
Your lower body shifts to a powerful aquatic tail in water.
Your movements are slightly less encumbered by armour. (ER -2)


Message History

The orc wizard completely misses you.
You're too confused to move!
The orc wizard closely misses you.
You hit the orc wizard.
You kill the orc wizard!
You start waiting.
You feel less confused.
You now have 1553 gold pieces (gained 19).
Things that are here:
a staff of cold; the +0 robe of the Circus Animal {Int+2}
E - the +0 robe of the Circus Animal {Int+2} A seven-headed hydra comes into view.
The seven-headed hydra roars!
The seven-headed hydra moves out of view.
A howler monkey comes into view.
The howler monkey howls!
A hornet comes into view.
The howler monkey hoots and howls with incredible vigour!
You hear a shout!
The seven-headed hydra attacks as it pursues you!
The seven-headed hydra bites you!
The seven-headed hydra closely misses you.
The seven-headed hydra barely misses you. x2
The seven-headed hydra misses you.
The seven-headed hydra closely misses you.
The seven-headed hydra bites you!
You see here a staff of cold.
The seven-headed hydra bites you but does no damage.
The seven-headed hydra bites you!
The seven-headed hydra completely misses you. x2
The seven-headed hydra barely misses you.
The seven-headed hydra bites you but does no damage.
The seven-headed hydra bites you!
As you read the scroll of teleportation, it crumbles to dust.
You feel strangely unstable. The seven-headed hydra bites you!
* * * LOW HITPOINT WARNING * * *
The seven-headed hydra bites you.
* * * LOW HITPOINT WARNING * * *
The seven-headed hydra bites you!
You die...
Your body crumbles into a pile of gold.

#...............####
# #...<.............
. ##...##.#########
...###....#
......##..#
..###....#
###...#..#
###...###.##
###.Dp### ...
###...#####.....
#....|...........
##.#....####.......
#.......####.......#
#.#..........y.. #.
#.##..#..#.... # ...
#........ . .###
#.....y....


You could see a seven-headed hydra.

Vanquished Creatures
  An orc warlord (Bailey)
  Sigmund (D:4)
  2 vampires
  A wyvern (D:7)
  A steam dragon (D:9)
  Menkaure (D:7)
  An acid dragon (D:8)
  2 water moccasins (D:7)
  3 black bears
  6 orc warriors
  2 sky beasts
  An ogre (D:5)
  2 centaurs
  A phantom (D:6)
  A bullfrog (D:9)
  An elf zombie (Ossuary)
  A kobold brigand (D:7)
  2 scorpions
  2 killer bees (D:9)
  5 howler monkeys
  A centaur zombie (Ossuary)
  3 human zombies (Ossuary)
  5 hounds
  5 orc priests
  A jelly (D:6)
  2 sleepcaps (D:5)
  3 iguanas
  8 orc wizards
  11 hound zombies
  A hound skeleton (D:4)
  2 mummies (Ossuary)
  Robin (D:2)
  11 adders
  A white imp (D:5)
  7 adder zombies
  An adder skeleton (D:4)
  4 dart slugs
  26 orcs
  10 ball pythons
  11 bats
  4 endoplasms
  2 giant cockroaches
  4 gnoll zombies (Ossuary)
  18 goblins
  10 hobgoblins
  3 jackals (D:1)
  24 kobolds
  A quokka (D:1)
  4 frilled lizards
  6 jackal zombies (Ossuary)
  5 kobold zombies (Ossuary)
  4 orc zombies (Ossuary)
  8 rats
244 creatures vanquished.

Notes
Turn   | Place    | Note
-------+----------+-------------------------------------------
     0 | D:1      | mandarbmax the Merfolk Shapeshifter began the quest for the
                  | Orb.
     0 | D:1      | Reached XP level 1. HP: 15/15 MP: 1/1
    72 | D:1      | Reached XP level 2. HP: 19/21 MP: 2/2
   477 | D:1      | Reached skill level 4 in Unarmed Combat
   529 | D:1      | Reached XP level 3. HP: 18/26 MP: 3/3
  1291 | D:2      | Reached XP level 4. HP: 32/32 MP: 4/4
  1293 | D:2      | Noticed Robin
  1310 | D:2      | Killed Robin
  1640 | D:2      | Learned a level 2 spell: Blink
  1744 | D:2      | Reached skill level 5 in Unarmed Combat
  2128 | D:3      | Reached skill level 5 in Shapeshifting
  2325 | D:3      | Noticed a scorpion
  2336 | D:3      | Killed a scorpion
  2337 | D:3      | Reached XP level 5. HP: 11/37 MP: 5/5
  2781 | D:3      | Reached skill level 6 in Unarmed Combat
  2937 | D:3      | Found an opulent altar of Gozag.
  2937 | D:3      | Found a glowing silver altar of Zin.
  3020 | D:3      | Became a worshipper of Gozag Ym Sagoz the Greedy
  3256 | D:4      | Reached XP level 6. HP: 15/43 MP: 6/6
  3392 | D:4      | Found a shadowy altar of Dithmenos.
  3517 | D:4      | Found a sand-covered staircase.
  3553 | Ossuary  | Entered an ossuary
  3727 | Ossuary  | Reached skill level 7 in Unarmed Combat
  3780 | Ossuary  | Reached XP level 7. HP: 41/48 MP: 7/7
  4081 | Ossuary  | Reached skill level 8 in Unarmed Combat
  4184 | D:4      | Noticed Sigmund
  4191 | D:4      | Killed Sigmund
  4192 | D:4      | Reached XP level 8. HP: 42/54 MP: 6/8
  4197 | D:4      | Found a staircase to the Ecumenical Temple.
  4497 | D:5      | Entered Level 5 of the Dungeon
  4611 | D:5      | Found a glowing golden altar of the Shining One.
  4653 | D:5      | Reached skill level 9 in Unarmed Combat
  5571 | D:6      | Reached XP level 9. HP: 26/63 MP: 3/9
  5635 | D:6      | Reached skill level 10 in Unarmed Combat
  5692 | D:6      | Reached skill level 5 in Dodging
  5948 | D:6      | Found Ylif's Assorted Antiques.
  6535 | D:7      | Gained mutation: Your movements are slightly less
                  | encumbered by armour. (ER -2) [potion of mutation]
  6535 | D:7      | Gained mutation: You are dopey. (Int -2) [potion of
                  | mutation]
  6535 | D:7      | Lost mutation: You are dopey. (Int -2) [potion of mutation]
  6642 | D:7      | Noticed Menkaure
  6647 | D:7      | Killed Menkaure
  6693 | D:7      | Found a flagged portal.
  6704 | Bailey   | Entered a bailey
  6736 | Bailey   | Noticed an orc warlord
  6851 | Bailey   | Reached skill level 11 in Unarmed Combat
  7033 | Bailey   | Found a runed translucent gate.
  7036 | Bailey   | Found a runed translucent gate.
  7038 | Bailey   | Found a runed translucent gate.
  7425 | Bailey   | Killed an orc warlord
  7426 | Bailey   | Reached skill level 5 in Fighting
  7426 | Bailey   | Reached XP level 10. HP: 55/74 MP: 6/10
  7481 | Bailey   | Acquired a manual of Unarmed Combat
  7606 | D:7      | You fall into a shaft and drop 2 floors!
  7778 | D:9      | Reached skill level 12 in Unarmed Combat
  7964 | D:9      | Identified the amulet "Lugostur" {Faith rPois Dex+3}
  8213 | D:8      | Found Koek's Weapon Shoppe.
  8843 | D:9      | Reached skill level 10 in Shapeshifting
  8933 | D:9      | Identified the +0 robe of the Circus Animal {Int+2}
  8946 | D:9      | Noticed a seven-headed hydra
  8956 | D:9      | Slain by a seven-headed hydra

Illustrated notes

Levels and vault maps discovered:
D:1:      lemuel_arrival_hallway, layout_basic, nicolae_houndstooth_variations
D:2:      minmay_spotlight, layout_loops_corners, minmay_misc_feat_room,
          chequers_avenue, hangedman_decor_peaks_small, dk_noncrumbling_4,
          uniq_robin
D:3:      minmay_diamond_boxcup, layout_loops_ring,
          grunt_temple_overflow_gold_and_silver
D:4:      layout_basic, old_standard_altar, temple_statues,
          mainiacjoe_ossuary_entry_find_the_door, uniq_sigmund
D:5:      layout_cave_pods, kennysheep_mini
D:6:      layout_loops_ring, nicolae_take_the_stairs, corexii_corridor_pit
D:7:      layout_loops_ring, enter_bailey_2, uniq_menkaure
D:8:      layout_rooms, serial_glass, glass_columns_c, glass_columns_b,
          serial_shops, nicolae_shop_rolling_square
D:9:      minmay_the_grid_four_pointed_star_mashed
          [minmay_the_grid_triangle_9x9_pentomino_pain,
          minmay_the_grid_triangle_9x9_shrine,
          minmay_the_grid_triangle_9x9_intruding_spiral,
          minmay_the_grid_triangle_9x9_alien, minmay_the_grid_prize_trominoes],
          layout_basic, lemuel_mausoleum_altar_yredelemnul

Skill      XL: |  1  2  3  4  5  6  7  8  9 10 |
---------------+-------------------------------+-----
Dodging        | 3 4 7 |  7.8
Unarmed Combat | 4 5 6 7 8 9 11 12 | 12.8
Shapeshifting  | 5 6 7 8 9 10 | 10.0
Fighting       | 3 5 6 |  6.0

Action                     |  1- 3 |  4- 6 |  7- 9 | 10-12 || total
---------------------------+-------+-------+-------+-------++-------
  Melee: Unarmed           |   103 |   233 |   366 |   111 ||   813
         Punch             |     1 |     4 |     4 |       ||     9
         Tailslap          |       |       |     3 |       ||     3
  Evoke: Wand              |       |       |    10 |     5 ||    15
    Use: Potion            |       |     7 |     9 |     2 ||    18
         Scroll            |       |     1 |     9 |     4 ||    14
   Stab: Sleeping          |     1 |     2 |       |       ||     3
         Distracted        |       |       |     3 |       ||     3
         Invisible         |       |       |     1 |       ||     1
 Armour: Animal skin       |    54 |   112 |    49 |       ||   215
         Skin              |       |    15 |   119 |    40 ||   174
  Dodge: Dodged            |    59 |   124 |   217 |    98 ||   498
   Form: Flux              |       |       |     1 |       ||     1

Table legend: (Time is in decaauts)
 A = Elapsed time spent in this place.
 B = Non-inter-level travel time spent in this place.
 C = Inter-level travel time spent in this place.
 D = Time resting spent in this place.
 E = Time spent auto-exploring this place.
 F = Levels seen in this place.
 G = Mean time per level.
                   A        B        C        D        E       F      G
               +--------+--------+--------+--------+--------+-----+--------+
         Total |   8817 |   8576 |    241 |    739 |   5995 |  11 |  801.5 |
       Dungeon |   7492 |   7251 |    241 |    334 |   5551 |   9 |  832.4 |
       Ossuary |    575 |    575 |      0 |    225 |    105 |   1 |  575.0 |
        Bailey |    749 |    749 |      0 |    180 |    338 |   1 |  749.0 |
               +--------+--------+--------+--------+--------+-----+--------+

Top non-repeatable levels by time:
     D:3: 1058 daAuts
     D:1: 1048 daAuts
     D:5: 1035 daAuts
     D:2: 1023 daAuts
     D:6: 954 daAuts
     D:4: 768 daAuts
  Bailey: 749 daAuts
     D:9: 619 daAuts
 Ossuary: 575 daAuts
     D:8: 528 daAuts
     D:7: 456 daAuts
